 Dungeon Crawl Stone Soup version 0.31-a0-115-g4708a659fe (webtiles) character file.

Game seed: 1961972913452617049

3648 NateTC the Cleaver (level 10, 0/95 HPs)
             Began as a Hill Orc Fighter on May 29, 2023.
             Was a Believer of Beogh.
             Slain by a skeletal warrior
             ... wielding a +1 long sword of protection
              (22 damage)
             ... on level 7 of the Dungeon on May 30, 2023.
             The game lasted 00:15:23 (5626 turns).

NateTC the Cleaver (Hill Orc Fighter)               Turns: 5626, Time: 00:15:24

Health: 0/95       AC: 15    Str: 24    XL:     10   Next: 12%
Magic:  5/12       EV:  6    Int:  8    God:    Beogh [**....]
Gold:   198        SH: 14    Dex: 10    Spells: 9/9 levels left

rFire   . . .        a - +0 war axe (freeze)
rCold   . . .        g - +0 tower shield
rNeg    . . .        e - +0 chain mail
rPois   +            (no helmet)
rElec   .            k - +0 cloak
rCorr   .            (no gloves)
SInv    .            d - +0 pair of boots
Will    .....        (no amulet) Stlth
                     n - +4 ring of protection
HPRegen 0.35/turn    j - ring of poison resistance
MPRegen 0.13/turn

%: no passive effects
@: slowed, very slow
A: no striking features
a: Renounce Religion, Smiting


You were on level 7 of the Dungeon.
You worshipped Beogh.
Beogh was pleased with you.
You visited 1 branch of the dungeon, and saw 7 of its levels.

You collected 360 gold pieces.
You spent 162 gold pieces at shops.

Inventory:

Hand Weapons
 a - a +0 war axe of freezing (weapon)
Armour
 d - a +0 pair of boots (worn)
 e - a +0 chain mail (worn)
 g - a +0 tower shield (worn)
 k - a +0 cloak (worn)
Jewellery
 j - a ring of poison resistance (right hand)
 n - a +4 ring of protection (left hand)
Wands
 b - a wand of polymorph (7)
 i - a wand of flame (15)
 t - a wand of quicksilver (8)
Scrolls
 h - 6 scrolls of teleportation
 q - a scroll of vulnerability
Potions
 c - a potion of berserk rage
 f - 3 potions of lignification
 l - 2 potions of haste
 m - a potion of attraction {unknown}
 o - a potion of degeneration {unknown}
 p - a potion of heal wounds {unknown}
 s - a potion of curing {unknown}


   Skills:
 - Level 11.0 Fighting
 * Level 12.0 Axes
 - Level 3.2 Armour
 - Level 7.5 Shields
 - Level 3.5 Invocations


You had 9 spell levels left.
You didn't know any spells.
Your spell library contained the following spells:

 Spells                   Type           Power      Damage    Failure   Level
 Freeze                   Ice            0%         1d3       100%        1
 Summon Small Mammal      Summ           0%         N/A       100%        1
 Call Canine Familiar     Summ           0%         N/A       100%        3
 Frozen Ramparts          Ice            0%         1d1       100%        3
 Hailstorm                Conj/Ice       0%         3d3       100%        3
 Summon Guardian Golem    Hex/Summ       0%         N/A       100%        3
 Summon Forest            Summ/Tloc      0%         N/A       100%        5
 Eringya's Noxious Bog    Tmut/Pois      0%         N/A       100%        6
 Summon Hydra             Summ           0%         N/A       100%        7


Dungeon Overview and Level Annotations

Branches:
Dungeon (7/15) Zot: 26561  Temple (0/1) D:4

Altars:
Dithmenos
Fedhas
Gozag
Nemelex Xobeh
Qazlal
Uskayaw

Shops:
D:3 [   D:5 *


Message History

You smite the skeletal warrior!
The skeletal warrior is severely damaged.
The wraith hits you but does no damage.
You hit the wraith.
The wraith is almost destroyed.
You block the wraith's attack. x2
You hit the wraith.
The wraith is almost destroyed.
You block the wraith's attack. x2
You completely miss the wraith.
The wraith is almost destroyed.
You block the wraith's attack.
You hit the wraith but do no damage.
The wraith is almost destroyed.
You block the wraith's attack. The wraith hits you but does no damage.
You hit the wraith.
You destroy the wraith!
Beogh accepts your kill.
The skeletal warrior hits you with a +1 long sword of protection!!
Your Axes skill increases to level 12!
You hit the skeletal warrior.
The skeletal warrior is severely damaged.
You block the skeletal warrior's attack.
You barely miss the skeletal warrior.
The skeletal warrior is severely damaged.
The skeletal warrior hits you but does no damage.
You block the skeletal warrior's attack.
You hit the skeletal warrior.
The skeletal warrior is severely damaged.
The skeletal warrior hits you with a +1 long sword of protection!
You block the skeletal warrior's attack.
You hit the skeletal warrior but do no damage.
The skeletal warrior is severely damaged.
The skeletal warrior barely misses you.
You barely miss the skeletal warrior.
The skeletal warrior is severely damaged.
The skeletal warrior hits you with a +1 long sword of protection!
* * * LOW HITPOINT WARNING * * *
The skeletal warrior hits you with a +1 long sword of protection!!
You die...

#########
........#
........# ######
........#####
#.....
.......Wz@..#
#.....
#######.###.###
#.....
#.##..#...#
#.....
#..#z#.#.#####
#.....
###.##.......#
#.....
#.##.#####.#
#.....
z#.#..##...#
####.# .#
##.....### ##..#
##
#..#########....


You could see a skeletal warrior and a wraith.

Vanquished Creatures
  Pikel (D:6)
  Grinder (D:4)
  2 wraiths (D:7)
  3 water moccasins
  Duvessa (D:5)
  An orc warrior (D:7)
  2 black bears
  2 ice beasts
  2 sky beasts
  2 ogres
  A centaur (D:5)
  3 phantoms
  A lemure (D:6)
  A bullfrog (D:6)
  2 scorpions
  Dowan (D:5)
  7 wights
  A howler monkey (D:5)
  2 jellies (D:5)
  3 hounds
  2 orc priests
  2 sleepcaps (D:7)
  2 iguanas (D:6)
  2 orc wizards
  5 adders
  A white imp (D:5)
  2 ufetubi
  2 worms
  5 dart slugs
  26 orcs
  8 endoplasms
  6 giant cockroaches
  14 goblins
  11 hobgoblins
  2 jackals (D:4)
  A quokka (D:1)
  9 ball pythons
  4 bats
  4 frilled lizards
  17 kobolds
  4 rats
168 creatures vanquished.

Vanquished Creatures (others)
  A giant cockroach (D:2)
1 creature vanquished.

Grand Total: 169 creatures vanquished

Notes
Turn   | Place    | Note
-------+----------+-------------------------------------------
     0 | D:1      | NateTC the Hill Orc Fighter began the quest for the Orb.
     0 | D:1      | Reached XP level 1. HP: 19/19 MP: 1/1
    23 | D:1      | Reached skill level 3 in Axes
    29 | D:1      | Reached XP level 2. HP: 27/27 MP: 2/2
   244 | D:1      | Reached skill level 4 in Axes
   270 | D:1      | Reached XP level 3. HP: 32/33 MP: 3/3
   373 | D:1      | Found a faded altar of an unknown god.
   669 | D:2      | Became a worshipper of Beogh the Brigand
   682 | D:2      | Reached skill level 5 in Axes
   682 | D:2      | Reached XP level 4. HP: 16/41 MP: 4/4
  1195 | D:2      | Found a blossoming altar of Fedhas.
  1729 | D:3      | Found Kofidoas's Antique Armour Emporium.
  1738 | D:3      | Reached * piety under Beogh
  1789 | D:3      | Reached skill level 1 in Invocations
  1839 | D:3      | Reached XP level 5. HP: 44/47 MP: 5/5
  2377 | D:3      | Bought a tower shield for 81 gold pieces
  2429 | D:4      | Reached skill level 6 in Axes
  2470 | D:4      | Noticed a phantom
  2484 | D:4      | Killed a phantom
  2485 | D:4      | Reached XP level 6. HP: 53/53 MP: 6/6
  2497 | D:4      | Found a sparkling altar of Nemelex Xobeh.
  2497 | D:4      | Found a hide-covered altar of Uskayaw.
  2498 | D:4      | Found an opulent altar of Gozag.
  2507 | D:4      | Found a stormy altar of Qazlal.
  2507 | D:4      | Found a shadowy altar of Dithmenos.
  2609 | D:4      | Reached skill level 7 in Axes
  2627 | D:4      | Found a staircase to the Ecumenical Temple.
  2634 | D:4      | Reached ** piety under Beogh
  3008 | D:4      | Noticed Grinder
  3019 | D:4      | Paralysed by Grinder for 4 turns
  3026 | D:4      | Killed Grinder
  3027 | D:4      | Reached skill level 8 in Axes
  3027 | D:4      | Reached skill level 5 in Shields
  3027 | D:4      | Reached XP level 7. HP: 53/60 MP: 0/7
  3212 | D:3      | Bought a pair of boots for 81 gold pieces
  3270 | D:5      | Entered Level 5 of the Dungeon
  3276 | D:5      | Reached skill level 9 in Axes
  3356 | D:5      | Found Viog's General Store.
  3380 | D:5      | Reached skill level 10 in Axes
  3476 | D:5      | Noticed Duvessa
  3505 | D:5      | Killed Duvessa
  3506 | D:5      | Reached XP level 8. HP: 40/67 MP: 8/8
  3542 | D:5      | Noticed Dowan
  3557 | D:5      | Killed Dowan
  3566 | D:5      | Reached skill level 11 in Axes
  4084 | D:5      | Reached skill level 5 in Fighting
  4601 | D:6      | Reached XP level 9. HP: 76/78 MP: 11/11
  4790 | D:6      | Noticed Pikel
  4801 | D:6      | Killed Pikel
  5277 | D:7      | Reached skill level 10 in Fighting
  5377 | D:7      | Reached *** piety under Beogh
  5398 | D:7      | Reached XP level 10. HP: 95/95 MP: 12/12
  5603 | D:7      | Noticed a skeletal warrior
  5622 | D:7      | Reached skill level 12 in Axes
  5626 | D:7      | Slain by a skeletal warrior

Illustrated notes

Levels and vault maps discovered:
D:1:      dpeg_arrival_rooms_b, layout_rooms,
          hellmonk_ecumenical_altar_heavens_door, minmay_distorted
D:2:      cheibrodos_pilgrimage, layout_loops_ring, basic_altar,
          grunt_ministairs_9, minmay_misc_feat_roman, nrook_uturn,
          lexackson_kobold_supper
D:3:      layout_basic, serial_shops, shop, kennysheep_generic_room_7
D:4:      cheibrodos_greedy_goblins, layout_basic, grunt_temple_overflow_open,
          minmay_temple_entry_tees, uniq_grinder
D:5:      layout_rooms, serial_shops, nicolae_shop_behind_doors,
          nrook_loot_triangle, grunt_ministairs_13, minivault_5,
          serial_bayou_pond_a, kennysheep_nub, kb_lookout_dungeons_type,
          uniq_duvessa
D:6:      layout_rooms, grunt_ministairs_5, kennysheep_cross_room, uniq_pikel
D:7:      layout_rooms, minmay_guarded_unrand_finisher

Skill      XL: |  1  2  3  4  5  6  7  8  9 10 |
---------------+-------------------------------+-----
Axes           | 3 4 5 6 8 10 11 12 | 12.0
Fighting       | 4 6 11 | 11.0
Invocations    | 1 3 |  3.5
Shields        | 4 5 6 7 |  7.5
Armour         | |  3.2

Action                     |  1- 3 |  4- 6 |  7- 9 | 10-12 || total
---------------------------+-------+-------+-------+-------++-------
  Melee: War axe           |    91 |   232 |   225 |    30 ||   578
 Invoke: Convert to Beogh  |     1 |       |       |       ||     1
         Smiting           |       |     2 |     3 |     3 ||     8
    Use: Scroll            |       |     8 |     5 |     1 ||    14
         Potion            |       |     1 |       |       ||     1
 Armour: Scale mail        |    53 |    12 |       |       ||    65
         Chain mail        |       |   117 |   136 |    19 ||   272
  Dodge: Dodged            |    44 |    57 |    48 |     7 ||   156
  Block: Buckler           |    21 |    35 |       |       ||    56
         Tower shield      |       |       |   170 |    19 ||   189

Table legend: (Time is in decaauts)
 A = Elapsed time spent in this place.
 B = Non-inter-level travel time spent in this place.
 C = Inter-level travel time spent in this place.
 D = Time resting spent in this place.
 E = Time spent auto-exploring this place.
 F = Levels seen in this place.
 G = Mean time per level.
                   A        B        C        D        E       F      G
               +--------+--------+--------+--------+--------+-----+--------+
         Total |   5784 |   5510 |    274 |    971 |   2570 |   7 |  826.3 |
       Dungeon |   5784 |   5510 |    274 |    971 |   2570 |   7 |  826.3 |
               +--------+--------+--------+--------+--------+-----+--------+

Top non-repeatable levels by time:
     D:5: 1330 daAuts
     D:2: 1134 daAuts
     D:3: 875 daAuts
     D:4: 832 daAuts
     D:6: 663 daAuts
     D:1: 512 daAuts
     D:7: 436 daAuts
